 Dungeon Crawl Stone Soup version 0.22-a0-482-g76e0a5f (webtiles) character file.

197 Mamutox the Conjurer (level 5, -5/42 HPs)
             Began as a Draconian Conjurer on June 17, 2018.
             Slain by a hippogriff (8 damage)
             ... on level 4 of the Dungeon.
             The game lasted 00:14:23 (3065 turns).

Mamutox the Conjurer (Draconian Conjurer)           Turns: 3065, Time: 00:14:24

Health: -5/42      AC:  5    Str: 10    XL:     5   Next: 46%
Magic:  4/9        EV: 13    Int: 16    God:
Gold:   76         SH:  0    Dex: 12    Spells: 6/9 levels left

rFire    . . .     SeeInvis .   t - +2 short sword (distort)
rCold    . . .     Gourm    .   (no shield)
rNeg     . . .     Faith    .   (armour unavailable)
rPois    .         Spirit   .   (helmet restricted)
rElec    .         Reflect  .   (no cloak)
rCorr    .         Harm     .   (no gloves)
MR       .....                  (no boots)
Stlth    ++........             (no amulet)
HPRegen  0.14/turn              (no ring)
MPRegen  0.11/turn              (no ring)

@: no status effects
A: unfitting armour, cold-blooded, AC +5
a: no special abilities


You were on level 4 of the Dungeon.
You were very hungry.

You visited 1 branch of the dungeon, and saw 4 of its levels.

You collected 76 gold pieces.

Inventory:

Hand Weapons
 d - a +0 hunting sling
 e - a +0 club
 t - a +2 short sword of distortion (weapon)
Missiles
 a - 62 stones (quivered)
 c - 6 tomahawks
 m - 25 sling bullets
 s - 7 arrows
Jewellery
 g - a +2 ring of protection {unknown}
 h - an uncursed ring of protection from fire {unknown}
 u - a +4 ring of protection {unknown}
Scrolls
 f - 3 scrolls of teleportation
 j - 2 scrolls of amnesia {unknown}
 o - 4 scrolls of remove curse {unknown}
 p - a scroll of noise {unknown}
 q - a scroll of fog {unknown}
 r - a scroll of identify {unknown}
Potions
 i - a potion of invisibility {unknown}
 k - a potion of heal wounds {unknown}
 l - a potion of might {unknown}
 n - a potion of resistance {unknown}
Comestibles
 b - 5 rations


   Skills:
 + Level 2.3 Fighting
   Level 1.1 Long Blades
 + Level 2.9 Dodging
 + Level 2.2 Stealth
 + Level 2.8 Spellcasting
 + Level 4.8 Conjurations


You had 6 spell levels left.
You knew the following spells:

 Your Spells              Type           Power        Failure   Level  Hunger
a - Magic Dart            Conj           ###.         2%          1    #......
x - Searing Ray           Conj           ###...       4%          2    ##.....

Your spell library contained the following spells:

 Spells                   Type           Power        Failure   Level  Hunger
 Iskenderun's Mystic Bla  Conj           ###.....     26%         4    #####..
 Fulminant Prism          Conj/Hex       ##........   56%         4    #####..
 Dazzling Spray           Conj/Hex       ##....       22%         3    ###....
 Force Lance              Conj/Tloc      ##......     56%         4    #####..


Dungeon Overview and Level Annotations

Branches:
Dungeon (4/15)
 Temple: D:4-7

Altars:


Innate Abilities, Weirdness & Mutations

Your plain brown scales are hard. (AC +5)
You cannot fit into any form of body armour.
You are cold-blooded and may be slowed by cold attacks.


Message History

The hippogriff bites you. The hippogriff barely misses you.
The hippogriff claws you!
The searing ray hits the hippogriff.
The hippogriff is moderately wounded.
The hippogriff barely misses you. x2
The hippogriff claws you but does no damage.
The searing ray hits the hippogriff.
The hippogriff is moderately wounded.
You finish channeling your searing ray.
The hippogriff closely misses you. The hippogriff misses you. x2
The hippogriff completely misses you. The hippogriff closely misses you.
The hippogriff claws you!
* * * LOW HITPOINT WARNING * * *
The hippogriff closely misses you. The hippogriff misses you.
The hippogriff claws you but does no damage.
The hippogriff barely misses you. The hippogriff pecks you.
* * * LOW HITPOINT WARNING * * *
The hippogriff claws you but does no damage.
The hippogriff bites you!
You die...

#.....#.....#
#.....#.###.#
#.#
#.....#####.#
#.#
####...)..#..
#.# ######.#
###.# ##.## #.#
## #...# #.# ..
#...####.#.#####
#..(@H..........
#...####.##.####
##### #... #####


You could see a hippogriff.

Vanquished Creatures
  A bullfrog (D:2)
  A centaur skeleton (D:4)
  Robin (D:3)
  2 oozes
  2 worms (D:2)
  2 leopard geckos
  5 orcs
  A ball python (D:1)
  5 bats
  4 giant cockroaches
  13 goblins
  11 hobgoblins
  4 jackals (D:1)
  5 kobolds
  4 frilled lizards
  4 rats
65 creatures vanquished.

Notes
Turn   | Place    | Note
-------+----------+-------------------------------------------
     0 | D:1      | Mamutox the Draconian Conjurer began the quest for the Orb.
     0 | D:1      | Reached XP level 1. HP: 14/14 MP: 3/3
   352 | D:1      | Reached XP level 2. HP: 20/22 MP: 1/5
   744 | D:1      | Reached skill level 1 in Fighting
   790 | D:1      | Reached XP level 3. HP: 28/28 MP: 1/6
  1297 | D:2      | Learned a level 2 spell: Searing Ray
  1471 | D:2      | Noticed a bullfrog
  1486 | D:2      | Killed a bullfrog
  1486 | D:2      | Reached XP level 4. HP: 16/36 MP: 2/7
  2349 | D:3      | Noticed Robin
  2382 | D:3      | Reached XP level 5. HP: 37/41 MP: 9/9
  2710 | D:3      | Killed Robin
  2773 | D:4      | Reached skill level 1 in Long Blades
  3052 | D:4      | Noticed a hippogriff
  3064 | D:4      | HP: 2/42 [hippogriff (4)]
  3065 | D:4      | Slain by a hippogriff

Vault maps used:
D:1:      evilmike_arrival_crescent
D:2:      supply_closet_lemuel, kennysheep_cluttered_room
D:3:      first_ration, uniq_robin
D:4:      serial_shops, shop, serial_undead, serial_undead_b, serial_undead_d,
          serial_undead_a, serial_undead_f, serial_undead_f, serial_undead_c,
          uniq_blork_the_orc

Skill      XL: |  1  2  3  4  5 |
---------------+----------------+-----
Dodging        | 2 |  2.9
Fighting       | 1 2 |  2.3
Stealth        | 2 |  2.2
Long Blades    | 1 |  1.1
Spellcasting   | |  2.8
Conjurations   | |  4.8

Action                   |  1- 3 |  4- 6 || total
-------------------------+-------+-------++-------
Melee: Unarmed           |    74 |       ||    74
       Tailslap          |     6 |     5 ||    11
       Club              |    60 |    21 ||    81
       Long sword        |       |    36 ||    36
       Short sword       |       |     2 ||     2
 Fire: Hunting sling     |     8 |       ||     8
 Cast: Magic Dart        |    27 |     8 ||    35
       Searing Ray       |     3 |     6 ||     9
  Use: Scroll            |       |     1 ||     1
 Stab: Sleeping          |     3 |       ||     3
  Eat: Chunk             |     2 |     5 ||     7
Armor: Skin              |    44 |    27 ||    71
Dodge: Dodged            |   109 |    79 ||   188
       Rpst.: Long sword |       |    16 ||    16

Table legend:
 A = Spawn XP
 B = Non-spawn XP
 C = Spawn XP percentage of total XP
 D = Spawn monster count
 E = Non-spawn monster count
 F = Spawn count percentage of total count
 G = Total turns spent on level
                    A         B        C        D         E        F      G
               +---------+---------+-------+---------+---------+-------+---------
         Total |       0 |     282 |   0.0 |       0 |      65 |   0.0 |  3065
               +---------+---------+-------+---------+---------+-------+---------
           D:1 |       0 |      50 |   0.0 |       0 |      26 |   0.0 |  1179
           D:2 |       0 |     139 |   0.0 |       0 |      19 |   0.0 |  1166
           D:3 |       0 |      51 |   0.0 |       0 |      17 |   0.0 |   413
           D:4 |       0 |      42 |   0.0 |       0 |       3 |   0.0 |   307
               +---------+---------+-------+---------+---------+-------+---------
